 Dungeon Crawl Stone Soup version 0.21-a0-516-gaaff437 (webtiles) character file.

112 theanonym the Ruffian (level 4, -3/36 HPs)
             Began as a Ghoul Assassin on Dec 3, 2017.
             Slain by an ogre
             ... wielding a +0 giant spiked club
              (27 damage)
             ... on level 3 of the Dungeon.
             The game lasted 00:03:18 (2783 turns).

theanonym the Ruffian (Ghoul Assassin)              Turns: 2783, Time: 00:03:19

Health: -3/36      AC:  7    Str: 15    XL:     4   Next: 95%
Magic:  3/3        EV:  9    Int:  6    God:
Gold:   82         SH:  3    Dex: 10    Spells: 3/3 levels left

rFire    . . .     SeeInvis .     - Unarmed
rCold    + . .     Gourm    .   z - +0 buckler
rNeg     + + +     Faith    .   n - +0 ring mail
rPois    ∞         Spirit   .   (no helmet)
rElec    .         Reflect  .   d - +0 cloak
rCorr    .         Harm     .   v - +0 pair of gloves
MR       .....                  (no boots)
Stlth    ++........             (no amulet)
HPRegen  0.00/turn              (no ring)
MPRegen  0.08/turn              (no ring)

@: rotting
A: rotting body, claws 1, carnivore 3, cold resistance 1, negative energy
resistance 3, inhibited regeneration, torment resistance, unbreathing
a: no special abilities


Innate Abilities, Weirdness & Mutations

Your body is rotting away.
You thrive on raw meat.
You are immune to poison.
You have sharp fingernails.
You are carnivorous and can eat meat at any time.
Your flesh is cold resistant. (rC+)
You are immune to negative energy. (rN+++)
You do not regenerate when monsters are visible.
You are immune to unholy pain and torment.
You can survive without breathing.


   Skills:
 - Level 2.1 Fighting
   Level 1.7 Short Blades
 - Level 1.7 Throwing
 - Level 0.8 Dodging
 - Level 4.3 Stealth
 + Level 4.8 Unarmed Combat


You had 3 spell levels left.
You didn't know any spells.

Skill      XL: |  1  2  3  4 |
---------------+-------------+-----
Unarmed Combat | 1 2 3 4 |  4.8
Fighting       | |  2.1
Short Blades   | |  1.7
Throwing       | |  1.7
Dodging        | |  0.8
Stealth        | |  4.3

Action                   |  1- 3 |  4- 6 || total
-------------------------+-------+-------++-------
Melee: Dagger            |    26 |       ||    26
       Unarmed           |    81 |    57 ||   138
 Stab: Sleeping          |     3 |     2 ||     5
  Eat: Chunk             |     7 |       ||     7
       Meat ration       |     1 |       ||     1
Armor: Robe              |     8 |       ||     8
       Ring mail         |    41 |    24 ||    65
Dodge: Dodged            |    58 |    24 ||    82
Block: Buckler           |       |     2 ||     2

Inventory:

Hand Weapons
 b - a +0 blowgun
Missiles
 f - 2 curare-tipped needles
 g - 30 poisoned needles
Armour
 c - a +0 robe
 d - a +0 cloak (worn)
 n - a +0 ring mail (worn)
   (You found it on level 1 of the Dungeon)
 q - a +0 chain mail
   (You found it on level 1 of the Dungeon)
 v - a +0 pair of gloves (worn)
   (You found it on level 2 of the Dungeon)
 x - a +0 large shield
   (You found it on level 3 of the Dungeon)
 z - a +0 buckler (worn)
   (You found it on level 3 of the Dungeon)
Jewellery
 m - an uncursed amulet of magic regeneration {unknown}
   (You found it on level 1 of the Dungeon)
 p - an uncursed ring of wizardry {unknown}
   (You found it on level 1 of the Dungeon)
 y - an uncursed amulet of the gourmand {unknown}
   (You found it on level 3 of the Dungeon)
Wands
 w - a wand of polymorph (13)
   (You found it on level 2 of the Dungeon)
 A - a wand of paralysis (14)
   (You found it on level 3 of the Dungeon)
Scrolls
 h - 3 scrolls of enchant armour {unknown}
 j - 2 scrolls of teleportation {unknown}
 l - a scroll of enchant weapon {unknown}
 o - 2 scrolls of identify {unknown}
 t - a scroll of amnesia {unknown}
Potions
 a - a potion of might {unknown}
 i - a potion of berserk rage {unknown}
 k - 2 potions of curing {unknown}
 s - 2 potions of degeneration {unknown}
 u - 2 potions of heal wounds {unknown}
Comestibles
 e - a meat ration
 r - a chunk of flesh

Dungeon Overview and Level Annotations

Branches:
Dungeon (3/15)

Altars:


You were on level 3 of the Dungeon.
You were not hungry.

You visited 1 branch of the dungeon, and saw 3 of its levels.

You collected 82 gold pieces.


Message History

Some of the chunks of flesh in your inventory have rotted away.
You continue putting on your buckler.
You finish putting on your +0 buckler.
Wear which item? (? for menu, Esc to quit)
You start putting on your armour.
You continue putting on your pair of gloves. x4
You finish putting on your +0 pair of gloves.
Unknown command.
The goblin shouts!
The goblin is too close now for your liking.
A goblin is nearby!
A goblin is nearby!
A goblin is nearby!
The goblin hits you but does no damage.
You hit the goblin but do no damage. You block the goblin's attack.
You hit the goblin.
You kill the goblin!
No target in view!
No target in view!
No target in view!
You butcher the goblin corpse.
r - 9 chunks of flesh (gained 2)
You open the door.
There is an open door here.
A goblin comes into view. It is wielding a dagger.
A goblin is nearby!
A goblin is nearby!
A goblin is nearby!
A goblin is nearby!
The helpless goblin fails to defend itself.
You hit the goblin. You block the goblin's attack.
You closely miss the goblin. The goblin hits you but does no damage.
You hit the goblin.
You kill the goblin!
No target in view!
You see here a dagger.
Found a club.
You see here a club.
Some of the chunks of flesh in your inventory have rotted away.
Found a stone staircase leading up.
Found a robe.
h - 3 scrolls labeled PUUTZE ESKOMES (gained 2)
Found a stone staircase leading up.
There is a stone staircase leading up here.
Found a war axe.
You see here a war axe.
Found an escape hatch in the ceiling.
No target in view!
No target in view!
No target in view!
Some of the chunks of flesh in your inventory have rotted away.
g - 30 poisoned needles (gained 4)
There is an escape hatch in the ceiling here.
You now have 82 gold pieces (gained 18).
An adder comes into view.
The adder hisses angrily.
An adder is nearby!
An adder is nearby!
An adder is nearby!
The adder barely misses you.
You hit the adder. The adder bites you but does no damage.
You punch the adder! The adder barely misses you.
You barely miss the adder. The adder bites you.
You take 1 damage, and have 35/36 hp.
You completely miss the adder. The adder bites you but does no damage.
The adder barely misses you.
You hit the adder but do no damage. The adder bites you but does no damage.
You closely miss the adder. The adder bites you but does no damage.
An adder is nearby!
You closely miss the adder. The adder bites you but does no damage.
You closely miss the adder. The adder bites you. The adder closely misses you.
You take 2 damage, and have 33/36 hp.
You hit the adder.
You kill the adder!
No target in view!
You butcher the adder corpse.
r - 3 chunks of flesh (gained 1)
You see here an adder skeleton. x2
Some of the chunks of flesh in your inventory have rotted away.
You open the door.
There is an open door here.
A - a wand of paralysis (14) No target in view!
An ogre comes into view. It is wielding a giant spiked club.
Health restored: 36 An ogre is nearby!
An ogre is nearby!
An ogre is nearby!
The helpless ogre fails to defend itself.
You hit the ogre.
The ogre hits you with a giant spiked club!
You take 12 damage, and have 24/36 hp.
MASSIVE DAMAGE!!
You hit the ogre. The ogre misses you.
You hit the ogre. You hit the ogre. The ogre misses you.
You hit the ogre. The ogre barely misses you.
You completely miss the ogre.
The ogre hits you with a giant spiked club!!
Ouch! That really hurt!
You die...

#.##..##..........#
#.##..##.##########
#.##.....# #######
#.....#..# #......
#######..# #......
#......# #......
#.###.## #......
#.#O#.# #......
#.@.#.# #..))..
###.#.# #..)...
.#.# #...<.. .#.#
#....>. .#.####
#...... .#..).#
##.#### .####.# #.#
# .# #.#####.# #
#.####.......# #


You could see an ogre.

Notes
Turn   | Place    | Note
-------+----------+-------------------------------------------
     0 | D:1      | theanonym the Ghoul Assassin began the quest for the Orb.
     0 | D:1      | Reached XP level 1. HP: 17/17 MP: 0/0
    78 | D:1      | HP: 7/17 [ooze (2)]
    80 | D:1      | Reached skill level 1 in Unarmed Combat
    82 | D:1      | Reached XP level 2. HP: 9/24 MP: 1/1
   796 | D:1      | Reached skill level 2 in Unarmed Combat
  1739 | D:2      | Reached XP level 3. HP: 28/29 MP: 2/2
  1770 | D:2      | Reached skill level 3 in Unarmed Combat
  1983 | D:2      | Reached XP level 4. HP: 29/36 MP: 3/3
  2275 | D:2      | Reached skill level 4 in Unarmed Combat
  2777 | D:3      | Noticed an ogre
  2783 | D:3      | Slain by an ogre

Vanquished Creatures
  An orc wizard (D:3)
  3 adders
  2 oozes
  2 worms (D:2)
  2 orcs (D:3)
  5 bats
  2 giant cockroaches (D:1)
  A hobgoblin (D:3)
  4 jackals (D:2)
  A quokka (D:2)
  A ball python (D:2)
  3 frilled lizards
  5 goblins
  8 kobolds
  9 rats
49 creatures vanquished.
